TKirby, chaotic female elven Wizard --------- ---------- |........########### |`....... |....)..| |..... |....<...#######(##%##|.%.- |.......| #....| --------- |..`| |..f| |%W?- --- |@f...`.....| |`.........`| ------------- TKirby the Conjurer Experience level: 5 Strength: 10 Dexterity: 11 Constitution: 16 Intelligence: 18 Wisdom: 9 Charisma: 12 Health: 0(42) Energy: 11(49) Def: 1 Gold: 422 Moves: 3405 Dungeon seed: P8mYYKb0Ajt6XWZI Game ID: TKirby_1506277866 Your Inventory: Coins $ - 422 gold pieces Weapons a - a blessed +2 quarterstaff (weapon in hands) s - 5 +0 daggers w - a blessed +0 dagger Armor e - an uncursed +0 cloak of magic resistance (being worn) Scrolls B - 2 cursed scrolls of create monster D - an uncursed scroll of enchant weapon E - a cursed scroll of identify F - an uncursed scroll of identify G - a blessed scroll of identify Spellbooks k - a blessed spellbook of force bolt l - an uncursed spellbook of remove curse o - an uncursed spellbook of light A - an uncursed spellbook of haste self H - an uncursed spellbook of blank paper Potions f - an uncursed potion of see invisible h - an uncursed potion of sleeping z - an uncursed potion of water I - a cursed potion of restore ability Rings c - an uncursed ring of teleport control (on left hand) d - an uncursed ring of free action J - a blessed +3 ring of protection Wands b - a wand of create monster (0:11) Tools m - an uncursed tooled horn n - an uncursed tin whistle t - an uncursed lock pick v - 8 uncursed tallow candles (0:200) y - a +0 pick-axe Gems q - 2 uncursed worthless pieces of yellow glass r - an uncursed fluorite stone N - an uncursed worthless piece of white glass Y - an uncursed worthless piece of violet glass Spells and supernatural/magical abilities: Name Level Category Fail Memory a - force bolt 1 attack 0% 83% l - light 1 divination 0% 85% r - remove curse 3 clerical 85% 83% H - haste self 3 escape 85% 91% W - pray for help -- divine ? -- Your skills at the end: Fighting Skills Weapon Skills quarterstaff [Basic] Spellcasting Skills attack spells [Basic] enchantment spells [Basic] Final Attributes: You were piously aligned. You were sleep resistant. You were magic-protected. You were telepathic. You had infravision. You had teleport control. You were unlucky. You are dead. Vanquished creatures: a water nymph a rock piercer a fog cloud a gnome lord a gray ooze a floating eye 4 dwarves a giant bat 2 dwarf zombies 3 iguanas an acid blob 2 coyotes a gas spore 2 manes 3 large kobolds 2 hobgoblins a brown mold a green mold 9 gnomes 4 garter snakes 2 geckos 10 jackals a kobold 2 goblins a grid bug 2 bats 5 lichens 8 newts 73 creatures vanquished. Voluntary challenges: You used a wielded weapon 63 times, starting on turn 69. You read items or engraved 13 times, starting on turn 287. You never genocided any monsters. You never polymorphed an object. You never changed form. You used no wishes. You never split a pudding. You never wrote Elbereth's name. You never violated your personal moral code. Dungeon overview: The Dungeons of Doom: levels 1 to 5 Level 1 a long staircase Level 2 some fountains stairs to The Gnomish Mines Level 3 a scroll shop, a fountain Level 4 Level 5 <- You were here The Gnomish Mines: Level 3 stairs to The Dungeons of Doom History has recorded: On T:1 you entered the Dungeons of Doom to retrieve the Amulet of Yendor! On T:469 you reached level 2 of The Dungeons of Doom. On T:742 you advanced to experience level 2. On T:915 you reached level 1 of The Gnomish Mines. On T:923 you advanced to experience level 3. On T:1011 you advanced to experience level 4. On T:1615 you advanced to experience level 5. On T:1918 you reached level 3 of The Dungeons of Doom. On T:2813 you reached level 4 of The Dungeons of Doom. On T:3324 you reached level 5 of The Dungeons of Doom. Score breakdown: Gold: 422 ( 8933 points) Experience: 5 levels (11141 points) Exploration: 5 levels ( 10.42%) ( 8751 points) Discoveries: 9 items ( 3.25%) ( 5407 points) Valuables value: (no points given unless you survive) Artifact value: 0 ( 0 points) Variety of kills: 28 monsters ( 7.35%) ( 8132 points) Turncount: 3405 turns ( -787 points) Survival: died (score multiplied by 80%) Total score: 33261 Latest messages: A potion of see invisible shatters! You smell a peculiar odor... A smoky potion shatters! You smell a peculiar odor... 2 golden potions shatter! You smell a peculiar odor... For an instant you couldn't see yourself! The spell misses TKirby's ghost. You miss TKirby's ghost. Maple picks up a brown mold corpse. You miss TKirby's ghost. TKirby's ghost touches you! You miss TKirby's ghost. (4x) Maple drops a brown mold corpse. TKirby's ghost touches you! You miss TKirby's ghost. (4x) TKirby's ghost touches you! You miss TKirby's ghost. The kitten bites! (2x) You see here a brown mold corpse. Maple picks up a fortune cookie. The kitten bites! (2x) You hit the kitten! The kitten bites! You die... Final status: Goodbye TKirby the Wizard, killed by a kitten... You died in The Dungeons of Doom on dungeon level 5 with 33261 points, and 422 pieces of gold, after 3405 moves. You were level 5 with a maximum of 42 hit points when you died.